Map: Triton LE

Players

Zanster

  • Race: Zerg Zerg
  • Spawn Location: 5:00

SKillous - Winner!

  • Race: Protoss Protoss
  • League: Grandmaster
  • Spawn Location: 11:00

Event: NationWars 2019

VOD

Have the link to the VOD?

Description

Time

  • Played on: Oct. 13, 2019, 4:33 p.m.
  • Length: 14:22
Show
View Real Time Build Order
Export as new Build Order

Zanster Zerg 

Build Orders: Hatch First 

Get SALT Encoding   

  12  0:00  Drone  
  13  0:12  Overlord  
  13  0:16  Drone  
  14  0:31  Drone x2  
  16  0:48  Hatchery  
  15  0:50  Drone  
  15  0:54  Drone  
  17  0:57  Drone  
  18  1:08  Extractor  
  17  1:13  Spawning Pool  
  17  1:15  Drone  
  17  1:19  Drone  
  18  1:29  Drone  
  19  1:39  Drone  
  20  1:50  Drone  
  21  1:59  Queen  
  21  2:00  Queen  
  25  2:01  Overlord  
  25  2:02  Zergling x2  
  26  2:09  Metabolic Boost  
  26  2:11  Zergling x2  
  26  2:12  Drone  
  28  2:23  Drone  
  28  2:24  Drone  
  30  2:34  Hatchery  
  30  2:35  Drone  
  30  2:36  Drone  
  31  2:44  Drone, Queen  
  32  2:49  Overlord  
  34  2:54  Drone  
  34  2:55  Drone  
  36  3:03  Spore Crawler  
  34  3:06  Drone  
  34  3:11  Drone, Overlord  
  34  3:12  Drone x2  
  39  3:17  Zergling x2  
  40  3:20  Drone, Queen  
  43  3:30  Overlord  
  43  3:31  Drone  
  44  3:37  Overlord  
  44  3:38  Spore Crawler  
  44  3:40  Spore Crawler  
  42  3:43  Drone  
  42  3:46  Drone x3  
  46  3:48  Drone  
  46  3:49  Drone  
  46  3:54  Drone x3  
  51  3:56  Drone  
  51  3:58  Drone  
  51  3:59  Queen  
  55  4:03  Drone  
  55  4:06  Spore Crawler  
  55  4:07  Drone  
  55  4:08  Drone  
  55  4:17  Drone x2  
  55  4:18  Drone x2  
  55  4:20  Overlord  
  59  4:26  Drone x2  
  59  4:27  Drone x2  
  59  4:28  Drone x2  
  59  4:31  Overlord  
  65  4:36  Lair  
  65  4:40  Roach Warren  
  65  4:42  Zergling x6  
  67  4:47  Extractor, Overlord  
  67  4:49  Extractor x2  
  67  4:51  Drone x4  
  68  4:53  Drone  
  68  4:54  Drone x2  
  68  4:57  Drone  
  68  4:59  Overlord  
  72  5:03  Overlord  
  71  5:07  Overlord  
  71  5:21  Roach x7  
  85  5:23  Roach x3  
  85  5:28  Overlord  
  91  5:32  Drone x4  
  91  5:34  Glial Reconstitution, Evolution Chamber  
  94  5:37  Overseer  
  94  5:40  Drone x4  
  98  5:43  Drone  
  98  5:46  Overlord  
  99  5:51  Roach  
  99  5:56  Zergling x10  
  103  6:00  Queen  
  103  6:01  Overlord  
  103  6:03  Zerg Missile Weapons Level 1  
  105  6:07  Extractor, Overlord  
  105  6:09  Extractor  
  98  6:18  Hatchery  
  93  6:21  Drone x4  
  93  6:22  Drone  
  93  6:23  Drone x3  
  99  6:26  Roach x3  
  99  6:28  Overlord  
  105  6:34  Baneling Nest  
  105  6:36  Drone, Queen  
  105  6:39  Roach x4  
  115  6:45  Overlord  
  114  6:59  Overlord  
  115  7:08  Zergling x2, Roach x6  
  115  7:09  Zergling x8  
  115  7:13  Ravager x8  
  136  7:17  Centrifical Hooks  
  136  7:21  Zergling x8, Roach x2  
  144  7:26  Overlord  
  144  7:27  Roach  
  144  7:28  Zergling x2, Roach x3  
  153  7:32  Baneling x3  
  153  7:33  Baneling  
  153  7:35  Zergling x2, Roach  
  153  7:36  Zergling x2  
  157  7:38  Roach  
  157  7:42  Zergling x2, Roach x4  
  165  7:47  Baneling x3  
  165  7:57  Roach  
  165  7:58  Zergling x6, Roach x6  
  129  8:06  Roach x3  
  129  8:11  Roach x4  
  128  8:16  Roach x3  
  128  8:19  Baneling x2  
  127  8:20  Roach  
  128  8:31  Roach  
  128  8:32  Roach x4  
  129  8:36  Hatchery  
  129  8:40  Roach x2  
  122  8:46  Drone x7  
  127  8:53  Drone x5, Queen  
  134  8:57  Zerg Melee Weapons Level 1, Drone  
  134  9:13  Queen x2  
  135  9:19  Zergling x12  
  135  9:20  Ravager x3  
  135  9:21  Ravager x2  
  145  9:29  Queen  
  149  9:38  Zergling x4, Roach  
  149  9:39  Zergling x4  
  149  9:40  Zergling x4  
  149  9:42  Overlord  
  149  9:43  Infestation Pit  
  154  9:48  Queen  
  154  9:49  Drone x3  
  159  9:57  Drone x2  
  159  9:59  Drone  
  159  10:03  Drone  
  159  10:09  Spore Crawler  
  157  10:14  Drone  
  157  10:15  Drone x5  
  157  10:19  Ravager x2  
  157  10:20  Ravager x2  
  151  10:24  Roach x7  
  151  10:28  Hive  
  165  10:30  Zergling x2, Roach  
  165  10:34  Overlord x2  
  168  10:45  Zergling x14, Roach, Spire  
  176  10:52  Overlord  
  176  11:00  Ravager x4  
  176  11:01  Zergling x20  
  176  11:03  Baneling x4  
  189  11:06  Baneling x12  
  189  11:07  Zergling x2  
  189  11:08  Zergling x4  
  187  11:23  Zergling x16, Roach  
  187  11:25  Baneling x5  
  148  11:40  Drone x6  
  148  11:42  Zergling x6  
  148  11:45  Baneling x6  
  157  11:50  Drone x2  
  159  11:55  Drone  
  159  11:57  Overseer, Baneling x8  
  159  11:59  Queen  
  159  12:05  Zergling x12  
  159  12:06  Zerg Melee Weapons Level 2  
  165  12:09  Drone  
  164  12:16  Drone x2  
  164  12:19  Drone x2  
  164  12:20  Drone x2  
  170  12:29  Corruptor x4  
  172  12:33  Corruptor x2  
  172  12:36  Overseer  
  181  12:48  Zergling x18  
  181  12:49  Baneling x8  
  181  12:50  Baneling x3  
  189  13:03  Zergling x12  
  195  13:29  Extractor  
  195  13:33  Hatchery  
  193  13:35  Hatchery  
  191  13:42  Baneling x5  
  191  13:43  Baneling x7  
  164  13:56  Zergling x2  
  164  13:57  Zergling x34  
  146  14:03  Roach  
Show
View Real Time Build Order
Export as new Build Order

SKillous Protoss - Winner!

Build Orders: 1 Gate Expand, Oracle Opening, Phoenix Opening, Archon Immortal, Archon Drop 

Get SALT Encoding   

  12  0:00  Probe  
  13  0:13  Probe  
  14  0:19  Pylon  
  14  0:25  Probe  
  14  0:27  Assimilator  
  15  0:37  Probe (Chrono Boost)  
  16  0:45  Gateway  
  16  0:48  Probe (Chrono Boost)  
  17  0:53  Probe (Chrono Boost)  
  19  1:04  Probe  
  19  1:16  Probe  
  20  1:22  Nexus  
  20  1:32  Cybernetics Core  
  20  1:34  Probe  
  20  1:39  Assimilator  
  21  1:46  Probe  
  22  1:49  Pylon  
  22  1:58  Probe  
  23  2:06  Adept (Chrono Boost)  
  23  2:10  Probe  
  23  2:14  Stargate  
  26  2:20  Warp Gate  
  26  2:22  Probe  
  26  2:27  Stalker (Chrono Boost)  
  29  2:34  Probe (Chrono Boost)  
  31  2:41  Probe (Chrono Boost)  
  31  2:44  Probe (Chrono Boost)  
  32  2:48  Probe (Chrono Boost)  
  32  2:49  Probe (Chrono Boost)  
  34  2:58  Phoenix (Chrono Boost)  
  36  2:59  Probe  
  36  3:01  Probe  
  38  3:11  Probe  
  39  3:13  Probe  
  39  3:14  Pylon  
  39  3:19  Oracle (Chrono Boost)  
  43  3:23  Probe  
  43  3:25  Probe, Gateway  
  45  3:31  Assimilator  
  45  3:33  Assimilator  
  45  3:35  Probe (Chrono Boost)  
  45  3:37  Robotics Facility  
  47  3:44  Probe (Chrono Boost)  
  47  3:46  Probe (Chrono Boost)  
  48  3:51  Probe (Chrono Boost)  
  48  3:52  Probe (Chrono Boost), Twilight Council  
  50  4:01  Probe  
  50  4:02  Probe  
  52  4:03  Gateway  
  52  4:04  Gateway  
  52  4:10  Gateway  
  52  4:19  Gateway  
  52  4:20  Warp Prism (Chrono Boost)  
  54  4:27  Charge (Chrono Boost), Pylon  
  54  4:34  Templar Archives  
  54  4:48  Nexus  
  54  4:51  Probe  
  56  4:53  Pylon  
  55  5:01  Zealot x2  
  55  5:05  Probe  
  55  5:06  Probe  
  61  5:12  Pylon  
  61  5:13  Pylon  
  61  5:17  High Templar x3  
  61  5:18  Probe  
  61  5:21  Archon  
  68  5:22  High Templar  
  68  5:26  Archon  
  70  5:30  Zealot x2  
  70  5:31  Forge  
  70  5:32  Probe  
  75  5:39  Probe  
  75  5:41  Observer  
  77  5:44  Pylon  
  77  5:49  Zealot x3  
  83  5:55  Probe  
  78  5:58  Protoss Ground Weapons Level 1 (Chrono Boost), Probe  
  78  5:59  Immortal (Chrono Boost)  
  78  6:04  Probe  
  84  6:07  Probe  
  84  6:10  Probe (Chrono Boost)  
  81  6:20  Probe (Chrono Boost)  
  81  6:22  Probe (Chrono Boost)  
  81  6:25  Probe (Chrono Boost), Gateway  
  77  6:27  Gateway  
  77  6:29  Gateway x2  
  77  6:30  Probe (Chrono Boost), Sentry x2  
  77  6:31  Zealot x2  
  88  6:33  Probe (Chrono Boost)  
  88  6:36  Immortal (Chrono Boost)  
  88  6:37  Probe  
  93  6:48  Stalker x2  
  98  6:57  High Templar x2, Zealot x2  
  98  7:00  Probe  
  105  7:06  Archon  
  105  7:08  Pylon  
  105  7:11  Pylon x2  
  105  7:15  Zealot x2  
  109  7:22  Pylon x2  
  109  7:27  High Templar x2  
  109  7:28  Zealot x2  
  117  7:30  Zealot x4  
  117  7:32  Archon  
  125  7:38  Pylon  
  123  7:57  Zealot x5  
  123  7:58  Zealot x3  
  119  8:00  Zealot x2  
  105  8:12  Zealot x2  
  99  8:16  Zealot  
  99  8:19  Zealot x7  
  109  8:20  Probe x3  
  109  8:22  Assimilator  
  109  8:23  Immortal (Chrono Boost)  
  109  8:25  Assimilator  
  116  8:32  Probe  
  105  8:45  High Templar x4, Sentry  
  105  8:46  Probe  
  105  8:47  Zealot  
  105  8:48  Zealot  
  111  8:49  Archon  
  111  8:50  Archon  
  111  8:54  Photon Cannon  
  111  8:55  Probe  
  108  8:57  Protoss Ground Weapons Level 2 (Chrono Boost)  
  108  8:59  Zealot x2  
  108  9:00  Immortal (Chrono Boost), Zealot  
  118  9:20  Probe  
  118  9:22  Nexus  
  119  9:25  Pylon, Photon Cannon  
  119  9:29  Immortal  
  123  9:31  Probe  
  123  9:32  Blink  
  123  9:34  Probe  
  123  9:36  Probe  
  123  9:37  Pylon  
  126  9:44  Probe  
  127  9:46  Probe  
  126  9:58  Zealot x2  
  130  10:00  Probe  
  130  10:01  Probe  
  130  10:02  Assimilator  
  130  10:05  Pylon, Zealot x6  
  142  10:08  Immortal  
  142  10:11  Probe  
  147  10:16  Zealot  
  147  10:17  Zealot  
  147  10:19  Assimilator  
  149  10:25  Stalker x4  
  157  10:36  High Templar x4  
  157  10:41  High Templar x2, Archon x2  
  167  10:45  Photon Cannon x2  
  167  10:47  Photon Cannon  
  167  10:50  Photon Cannon  
  167  10:56  Protoss Ground Weapons Level 3 (Chrono Boost)  
  167  11:02  Stalker x4  
  171  11:13  Zealot  
  171  11:14  Zealot x2  
  171  11:17  Zealot x3  
  179  11:19  Archon  
  177  11:37  Stalker x3  
  177  11:38  Stalker x6  
  183  11:45  Gateway  
  181  11:47  Gateway  
  181  11:53  Photon Cannon  
  179  11:54  Photon Cannon  
  179  11:57  Psionic Storm, Immortal  
  183  12:02  Forge  
  181  12:13  High Templar  
  181  12:14  High Templar x4  
  185  12:22  Dark Shrine  
  185  12:28  Probe x2  
  185  12:29  Nexus  
  187  12:31  Pylon, Zealot  
  189  12:49  Pylon  
  189  12:54  Stalker x5  
  199  13:00  Robotics Bay  
  199  13:07  Assimilator  
  199  13:13  Assimilator  
  199  13:16  Photon Cannon  
  199  13:17  Photon Cannon  
  199  13:19  Photon Cannon  
  199  13:21  Photon Cannon  
  199  13:22  Gateway  
  199  13:24  Gateway  
  199  13:25  Gateway  
  199  13:26  Gateway  
  199  13:36  Warp Prism  
  199  13:53  Archon x2  
  195  13:56  Zealot x4  
  179  14:05  Zealot x8  
Tags
 
Add a new tag
Caveats
  • Supply blocks, unpowered buildings, or Contaminate may cause inaccurate times.
  • Supply counts are checked every 10 seconds.